 Dungeon Crawl Stone Soup version 0.29.1-15-g9cfb28693d (webtiles) character file.

Game seed: 4320920601481090669

13 protoss039 the Sneak (level 2, -1/15 HPs)
             Began as a Tengu Enchanter on Mar 24, 2023.
             Slain by a goblin
             ... wielding a +0 club
              (4 damage)
             ... on level 1 of the Dungeon.
             The game lasted 00:01:57 (592 turns).

protoss039 the Sneak (Tengu Enchanter)               Turns: 592, Time: 00:01:57

Health: -1/15      AC:  5    Str:  8    XL:     2   Next: 37%
Magic:  6/6        EV: 10    Int: 15    God:
Gold:   25         SH:  0    Dex: 14    Spells: 5/5 levels left

rFire   . . .      SeeInvis .   a - +1 dagger
rCold   . . .      Faith    .   (no shield)
rNeg    . . .      Spirit   .   d - +0 ring mail
rPois   .          Reflect  .   (helmet restricted)
rElec   .          Harm     .   (no cloak)
rCorr   .          Rampage  .   (no gloves)
Will    .....                   (boots unavailable)
Stlth   ++........              (no amulet)
HPRegen 0.05/turn               (no ring)
MPRegen 0.10/turn               (no ring)

@: no status effects
A: beak, talons 3
a: no special abilities


You were on level 1 of the Dungeon.
You visited 1 branch of the dungeon, and saw 1 of its levels.

You collected 25 gold pieces.

Inventory:

Hand Weapons
 a - a +1 dagger (weapon)
Armour
 b - a +0 robe
 d - a +0 ring mail (worn)
Scrolls
 e - a scroll of identify {unknown}
Potions
 c - 2 potions of invisibility
 f - a potion of mutation {unknown}
 g - 2 potions of might {unknown}


   Skills:
 + Level 1.4 Short Blades
 + Level 2.4 Dodging
 + Level 3.1 Stealth
 + Level 2.1 Spellcasting
 + Level 2.3 Hexes


You had 5 spell levels left.
You didn't know any spells.
Your spell library contained the following spells:

 Spells                   Type           Power      Damage    Failure   Level
 Ensorcelled Hibernation  Hex/Ice        10%        N/A       54%         2
 Confusing Touch          Hex            8%         N/A       61%         3
 Tukima's Dance           Hex            8%         N/A       61%         3
 Dazzling Flash           Conj/Hex       10%        N/A       77%         3


Dungeon Overview and Level Annotations

Branches:
Dungeon (1/15) Zot: 5407

Altars:


Innate Abilities, Weirdness & Mutations

You have a beak for a mouth.
You have claws for feet.


Message History

You hit the quokka.
You kill the quokka!
You see here a sedimented amethyst potion.
f - a sedimented amethyst potion You see here 2 black potions.
g - 2 black potions The hobgoblin hits you.
* * * LOW HITPOINT WARNING * * *
A ball python comes into view.
The hobgoblin completely misses you. The hobgoblin attacks as you move away!
The hobgoblin closely misses you. The hobgoblin attacks as you move away!
The hobgoblin hits you.
* * * LOW HITPOINT WARNING * * *
The hobgoblin attacks as you move away! The hobgoblin barely misses you.
You barely miss the hobgoblin. Your kick misses the hobgoblin.
You peck the hobgoblin.
The hobgoblin is heavily wounded.
The hobgoblin completely misses you. The hobgoblin attacks as you move away!
The hobgoblin hits you but does no damage.
Found 9 gold pieces.
You hit the hobgoblin. You claw the hobgoblin.
You kill the hobgoblin!
The endoplasm attacks as you move away! The endoplasm barely misses you.
You hit the endoplasm.
You peck the endoplasm, but do no damage.
The endoplasm is severely wounded.
The endoplasm hits you but does no damage.
You hit the endoplasm.
You kill the endoplasm!
The goblin attacks as you move away! The goblin closely misses you.
You see here 9 gold pieces.
There are no items here.
Found a scroll labelled VIWEARHOIPSE.
The goblin attacks as you move away! The goblin barely misses you.
An endoplasm comes into view.
A rat and a ball python come into view.
Found a war axe.
The goblin attacks as you move away! The goblin hits you with a +0 club.
You die...

≈≈≈≈≈# .~~≈≈# .# ...≈≈# .
... ..~≈≈# .. #.# ...≈≈# ..J
#.# ...~~# #...######.#
~...~# ...........# ≈~..~#
#..?.#..# <≈~.~# #...@g..#
~....# .......###g# ~~~~.#
.).....# #.# ~.≈~.# ...#...#
#g# .~~~.# .. #.S.# #$#
.~...# . #... #.# ~.~..#. #
##.# #.######## ....##..#.
###.## #.........
....##..#.##....###.########


You could see a gnoll, an endoplasm (asleep), a goblin and a ball python
(asleep).

Vanquished Creatures
  2 dart slugs (D:1)
  A ball python (D:1)
  2 endoplasms (D:1)
  A hobgoblin (D:1)
  A quokka (D:1)
  A frilled lizard (D:1)
8 creatures vanquished.

Notes
Turn   | Place    | Note
-------+----------+-------------------------------------------
     0 | D:1      | protoss039 the Tengu Enchanter began the quest for the Orb.
     0 | D:1      | Reached XP level 1. HP: 10/10 MP: 4/4
   349 | D:1      | Reached XP level 2. HP: 6/15 MP: 6/6
   592 | D:1      | Slain by a goblin

Illustrated notes

Levels and vault maps discovered:
D:1:      dpeg_arrival_more_subterranean_lakeside_camping, layout_rooms,
          shapermc_ecumenical_altar_flowoftime

Action                   || total
-------------------------++-------
Melee: Dagger            ||    29
       Kick              ||     7
       Peck              ||     6
Armor: Ring mail         ||     8
Dodge: Dodged            ||    19
